 Dungeon Crawl Stone Soup version 0.20-a0-1121-gbb42413 (webtiles) character file.

27101 4thArraOfDagon the Earth Mage (level 12, -29/88 HPs)
             Began as a Demigod Earth Elementalist on May 10, 2017.
             Killed from afar by a frost giant (54 damage)
             ... with a bolt of cold
             ... on level 11 of the Dungeon.
             The game lasted 00:42:23 (8290 turns).

4thArraOfDagon the Earth Mage (DgEE)                Turns: 8290, Time: 00:42:24

Health: -29/88     AC:  4    Str: 11    XL:     12   Next: 66%
Magic:  6/31       EV: 12    Int: 31    God:
Gold:   1038       SH:  0    Dex: 16    Spells: 14/31 levels left

rFire    . . .     SeeInvis .   I - +1 battleaxe (flame)
rCold    . . .     Gourm    .   (shield currently unavailable)
rNeg     . . .     Faith    .   T - +0 troll leather armour
rPois    .         Spirit   .   (helmet restricted)
rElec    .         Reflect  .   (no cloak)
rCorr    .         Harm     .   (no gloves)
MR       +....                  j - +1 pair of boots
Stlth    ++........             l - amulet of magic regeneration
Regen    0.7/turn               y - ring of wizardry
MPRegen  0.4/turn               L - +4 ring of slaying

@: no status effects
A: claws 1, horns 1, blurry vision 1, clever 2, deformed body, deterioration 1,
high mp 1
a: no special abilities


You were on level 11 of the Dungeon.
You were hungry.

You visited 1 branch of the dungeon, and saw 15 of its levels.

You collected 1038 gold pieces.

Inventory:

Hand Weapons
 a - a +0 mace
 n - a +2 dagger of venom
 z - a +0 morningstar of holy wrath
 E - a +2 long sword of slicing
 I - a +1 battleaxe of flaming (weapon)
 Z - a +2 morningstar of crushing
Missiles
 b - 175 stones (quivered)
Armour
 c - a +0 robe
 j - a +1 pair of boots (worn)
 v - a +0 ring mail
 F - the +2 scale mail of the Saviour {Str+2}
   (You found it on level 10 of the Dungeon)

   It affects your strength (+2).
 S - a +1 robe of fire resistance
 T - a +0 troll leather armour (worn)
 U - the +0 leather armour "Omenlus" {rC+}
   (You found it on level 14 of the Dungeon)

   It protects you from cold.
Magical Staves
 Y - an uncursed staff of death
Jewellery
 l - an amulet of magic regeneration (around neck)
 y - a ring of wizardry (left claw)
 L - a +4 ring of slaying (right claw)
 M - an uncursed amulet of regeneration
 O - an uncursed ring of poison resistance
 P - a +3 amulet of reflection
Wands
 w - a wand of polymorph (10/24)
 H - a wand of paralysis (16/24)
 K - a wand of lightning (11/15)
 Q - a wand of iceblast (5/15)
 R - a wand of iceblast (3/15)
 W - a wand of digging (9/24)
 X - a wand of digging (13/24)
Scrolls
 g - a scroll of fear {unknown}
 i - a scroll of fog
 o - 4 scrolls of remove curse
 p - a scroll of magic mapping {unknown}
 r - 2 scrolls of teleportation
 t - 3 scrolls of blinking {unknown}
 D - 2 scrolls of amnesia
 J - 3 scrolls of recharging {unknown}
Potions
 h - 2 potions of curing
 m - a potion of agility {unknown}
 q - 3 potions of lignification
 s - a potion of might {unknown}
 u - a potion of brilliance {unknown}
 x - a potion of degeneration {unknown}
 A - 2 potions of flight {unknown}
 B - 2 potions of berserk rage {unknown}
 C - a potion of heal wounds
 G - 2 potions of cancellation
Books
 e - a book of Geomancy

   Spells                             Type                      Level
   a - Sandblast                      Earth                        1
   b - Passwall                       Transmutation/Earth          2
   c - Stone Arrow                    Conjuration/Earth            3
   d - Petrify                        Transmutation/Earth          4
   e - Lee's Rapid Deconstruction     Earth                        5
Miscellaneous
 V - a crystal ball of energy
Comestibles
 d - 9 bread rations
 f - 4 meat rations
 k - 6 royal jellies


   Skills:
 - Level 2.8 Fighting
 - Level 1.7 Dodging
 - Level 1.7 Stealth
 + Level 10.4 Spellcasting
 - Level 0.8 Transmutations
 * Level 16.1 Earth Magic


You had 14 spell levels left.
You knew the following spells:

 Your Spells              Type           Power        Failure   Level  Hunger
a - Sandblast             Erth           ######       0%          1    None
b - Stone Arrow           Conj/Erth      ######       1%          3    None
c - Lee's Rapid Deconstr  Erth           #######...   1%          5    ###....
d - Apportation           Tloc           ###...       1%          1    None
e - Animate Skeleton      Necr           N/A          1%          1    None
f - Petrify               Tmut/Erth      ######..     1%          4    None
g - Passwall              Tmut/Erth      ######....   1%          2    None


Dungeon Overview and Level Annotations

Branches:
Dungeon (15/15)            Temple (0/1) D:5             Orc (0/2) D:12
   Lair: D:8-11      Vaults: D:13-14     Depths: D:15

Annotations:
D:10 Snorg, Urug


Innate Abilities, Weirdness & Mutations

You have an increased reservoir of magic. (+10% MP)
You have sharp fingernails.
You have a pair of small horns on your head.
Scrolls take you a little longer to read.
Your mind is very acute. (Int +4)
Armour fits poorly on your strangely shaped body.
Your body sometimes deteriorates upon taking damage.


Message History

You hear a shout!
The frost giant points at you and mumbles some strange words.
The bolt of cold hits you!
* * * LOW HITPOINT WARNING * * *
Unknown command.
Unknown command.
Casting: Lee's Rapid Deconstruction
Confirm with . or Enter, or press ? or * to list all spells.
Aiming: Lee's Rapid Deconstruction
Press: ? - help, Dir - move target cursor The wall shatters!
The blast of rock fragments hits the frost giant.
The frost giant is severely wounded.
The blast of rock fragments hits the shadow imp.
You kill the shadow imp!
You hear a shout!
The frost giant points at you and mumbles some strange words.
The bolt of cold hits you!
Ouch! That really hurt!
You die...

#..# o.# # #.# .#. #..#
# #.# .. #..### #.# .)
#..#.8### ..# .# #
#..#....### )# ###
#..#8....8### ##.# ###..
#..#..≈.....###).###....
#..#8.._≈.....'###......
#..#..≈@(..C####...#.#..
#..#8.....###......#.#..
#..#...8###.............
#..#.8###.........##.#..
#..'###...........##.#..
#.........#######.## ...
#..##.##.##.......# ###.
##.##.##.##.# #.#####.
#.##....##.#####.......


You could see a frost giant.

Vanquished Creatures
  A yaktaur captain (D:11)
  2 centaur warriors
  A tengu warrior (D:13)
  9 two-headed ogres
  An ogre mage (D:12)
  9 skeletal warriors
  2 unseen horrors
  An orc knight (D:11)
  2 cyclopes
  Joseph (D:8)
  Psyche (D:10)
  3 centaur skeletons
  A gargoyle (D:12)
  An efreet (D:13)
  3 trolls (D:13)
  A hornet (D:11)
  A hippogriff (D:11)
  A wraith (D:14)
  2 wyverns
  Grum (D:10)
  A steam dragon (D:11)
  A basilisk (D:13)
  A hungry ghost (D:14)
  A vampire mosquito (D:11)
  2 wargs (D:8)
  A water moccasin (D:8)
  An ice beast (D:7)
  5 orc warriors
  3 phantoms
  6 sky beasts
  4 wolves (D:10)
  22 ogres
  2 necrophages
  5 centaurs
  2 crocodiles
  Blork the orc (D:5)
  A big kobold (D:13)
  5 bullfrogs
  7 scorpions
  3 howler monkeys (D:9)
  11 wights
  2 electric eels (D:12)
  A bullfrog zombie (D:9)
  5 crimson imps
  3 jellies
  6 orc wizards
  5 orc priests
  2 hounds
  2 iguanas
  Ijyb (D:5)
  Natasha (thrice) (D:3)
  3 worker ants
  2 hound skeletons
  A worker ant zombie (D:5)
  A howler monkey skeleton (D:8)
  13 adders
  2 shadow imps
  An ooze (D:4)
  An adder skeleton (D:4)
  2 worms (D:2)
  A dart slug (D:2)
  4 leopard geckos
  34 orcs
  A bat (D:2)
  5 giant cockroaches
  6 goblins
  10 hobgoblins
  11 jackals
  5 quokkas
  2 ball pythons
  5 frilled lizards
  14 kobolds
  5 rats
288 creatures vanquished.

Vanquished Creatures (others)
  19 plants (D:10)
19 creatures vanquished.

Grand Total: 307 creatures vanquished

Notes
Turn   | Place    | Note
-------+----------+-------------------------------------------
     0 | D:1      | 4thArraOfDagon the Demigod Earth Elementalist began the quest for the Orb.
     0 | D:1      | Reached XP level 1. HP: 14/14 MP: 5/5
     0 | D:1      | magipi: FE?
    35 | D:1      | Reached skill level 3 in Earth Magic
   464 | D:2      | Reached XP level 2. HP: 20/20 MP: 7/7
   654 | D:2      | Reached skill level 1 in Fighting
   678 | D:2      | Reached XP level 3. HP: 14/28 MP: 6/8
  1502 | D:3      | Reached skill level 4 in Earth Magic
  1502 | D:3      | Reached XP level 4. HP: 21/35 MP: 7/9
  1630 | D:3      | Learned a level 3 spell: Stone Arrow
  1896 | D:3      | Noticed Natasha
  1919 | D:3      | Killed Natasha
  1935 | D:3      | Noticed Natasha
  1948 | D:3      | Killed Natasha
  1948 | D:3      | Reached XP level 5. HP: 36/41 MP: 4/11
  1961 | D:3      | Noticed Natasha
  1968 | D:3      | Killed Natasha
  2120 | D:4      | Noticed an ogre
  2134 | D:4      | Killed an ogre
  2145 | D:4      | Found a shadowy altar of Dithmenos.
  2174 | D:4      | Reached XP level 6. HP: 50/50 MP: 13/13
  2210 | D:4      | Learned a level 5 spell: Lee's Rapid Deconstruction
  2232 | D:4      | Found a deep blue altar of Sif Muna.
  2308 | D:4      | Reached skill level 5 in Earth Magic
  2391 | D:5      | Entered Level 5 of the Dungeon
  2499 | D:5      | Noticed Ijyb
  2773 | D:5      | Noticed Blork the orc
  2787 | D:5      | Killed Blork the orc
  2787 | D:5      | Reached skill level 6 in Earth Magic
  2820 | D:5      | Killed Ijyb
  2838 | D:5      | magipi: pig power!
  2914 | D:6      | Reached XP level 7. HP: 55/56 MP: 14/14
  2987 | D:5      | Found a staircase to the Ecumenical Temple.
  3059 | D:6      | Learned a level 1 spell: Apportation
  3061 | D:6      | Learned a level 1 spell: Animate Skeleton
  3086 | D:6      | Reached skill level 7 in Earth Magic
  3089 | D:6      | Gained mutation: You have a pair of small horns on your head. [mutagenic meat]
  3362 | D:7      | Found a burning altar of Makhleb.
  3443 | D:7      | Reached skill level 8 in Earth Magic
  3536 | D:7      | Reached XP level 8. HP: 58/59 MP: 5/16
  3560 | D:7      | Gained mutation: You tend to lose your temper in combat. [mutagenic meat]
  3561 | D:7      | Gained mutation: Your mind is acute. (Int +2) [mutagenic meat]
  3562 | D:7      | Gained mutation: Your mind is very acute. (Int +4) [mutagenic meat]
  3563 | D:7      | Lost mutation: You tend to lose your temper in combat. [mutagenic meat]
  3696 | D:8      | Noticed a two-headed ogre
  3701 | D:8      | Reached skill level 9 in Earth Magic
  3718 | D:8      | Killed a two-headed ogre
  3760 | D:8      | Noticed a two-headed ogre
  3794 | D:8      | Killed a two-headed ogre
  3794 | D:8      | Reached skill level 5 in Spellcasting
  3794 | D:8      | Reached skill level 10 in Earth Magic
  3794 | D:8      | Reached XP level 9. HP: 65/65 MP: 3/20
  3952 | D:8      | Noticed Joseph
  3955 | D:8      | Killed Joseph
  4010 | D:9      | Noticed a two-headed ogre
  4012 | D:9      | Killed a two-headed ogre
  4012 | D:9      | Reached skill level 11 in Earth Magic
  4208 | D:8      | Reached XP level 10. HP: 49/72 MP: 15/23
  4290 | D:10     | Entered Level 10 of the Dungeon
  4312 | D:10     | Noticed Urug
  4313 | D:10     | Noticed a cyclops
  4320 | D:10     | Killed a cyclops
  4600 | D:9      | Reached skill level 12 in Earth Magic
  4802 | D:10     | Got a heavily runed scale mail
  4813 | D:10     | Identified the +2 scale mail of the Saviour {Str+2} (You found it on level 10 of the Dungeon)
  4820 | D:10     | Noticed Grum
  4823 | D:10     | Killed Grum
  4868 | D:10     | Noticed Psyche
  4869 | D:10     | Killed Psyche
  5010 | D:10     | Learned a level 4 spell: Petrify
  5013 | D:10     | Learned a level 2 spell: Passwall
  5051 | D:11     | Noticed a skeletal warrior
  5053 | D:11     | Noticed a skeletal warrior
  5055 | D:11     | Noticed a skeletal warrior
  5055 | D:11     | Killed a skeletal warrior
  5057 | D:11     | Noticed a skeletal warrior
  5066 | D:10     | Noticed Snorg
  5189 | D:11     | Killed a skeletal warrior
  5206 | D:11     | Noticed a purple ugly thing
  5218 | D:11     | Gained mutation: Scrolls take you a little longer to read. [mutagenic meat]
  5219 | D:11     | Gained mutation: Armour fits poorly on your strangely shaped body. [mutagenic meat]
  5221 | D:11     | Gained mutation: You have sharp fingernails. [mutagenic meat]
  5504 | D:12     | Noticed a skeletal warrior
  5508 | D:12     | Noticed a skeletal warrior
  5508 | D:12     | Killed a skeletal warrior
  5508 | D:12     | Reached skill level 13 in Earth Magic
  5509 | D:12     | Noticed a skeletal warrior
  5509 | D:12     | Noticed a skeletal warrior
  5518 | D:12     | Killed a skeletal warrior
  5623 | D:13     | Killed an unseen horror
  5623 | D:13     | Reached XP level 11. HP: 39/81 MP: 21/27
  5824 | D:13     | Noticed a tengu warrior
  5837 | D:13     | Killed a tengu warrior
  6072 | D:12     | Found a staircase to the Orcish Mines.
  6131 | D:12     | Reached skill level 14 in Earth Magic
  6244 | D:12     | Noticed a two-headed ogre
  6246 | D:12     | Killed a two-headed ogre
  6254 | D:12     | Noticed a two-headed ogre
  6255 | D:12     | Killed a two-headed ogre
  6256 | D:12     | Noticed a two-headed ogre
  6256 | D:12     | Killed a two-headed ogre
  6377 | D:12     | Noticed a two-headed ogre
  6379 | D:12     | Killed a two-headed ogre
  6458 | D:12     | Noticed a two-headed ogre
  6458 | D:12     | Noticed a two-headed ogre
  6463 | D:12     | Noticed an ogre mage
  6465 | D:12     | Killed a two-headed ogre
  6465 | D:12     | Killed an ogre mage
  6466 | D:12     | Killed a two-headed ogre
  6639 | D:14     | Reached XP level 12. HP: 88/88 MP: 27/30
  6642 | D:14     | Reached skill level 15 in Earth Magic
  6697 | D:14     | Got a transparent leather armour
  6735 | D:15     | Entered Level 15 of the Dungeon
  6735 | D:15     | Noticed a centaur warrior
  6804 | D:13     | Noticed a centaur warrior
  6805 | D:13     | Killed a centaur warrior
  7026 | D:13     | Identified the +0 leather armour "Omenlus" {rC+} (You found it on level 14 of the Dungeon)
  7079 | D:13     | Gained mutation: Your body sometimes deteriorates upon taking damage. [mutagenic meat]
  7212 | D:13     | magipi: flming scimitar?
  7585 | D:12     | Reached skill level 10 in Spellcasting
  7670 | D:11     | 4thArraOfDagon: im not convinced
  7670 | D:11     | 4thArraOfDagon: i will go any weapon right now
  7713 | D:11     | magipi: or that battleaxe? or Urug's eveningstar?
  7952 | D:11     | magipi: or the battleaxe of flaming
  7959 | D:11     | 4thArraOfDagon: its plain +1
  8020 | D:11     | magipi: scrolls?
  8066 | D:11     | Found a burning altar of Makhleb.
  8073 | D:11     | Noticed a centaur warrior
  8075 | D:11     | Killed a centaur warrior
  8076 | D:11     | Reached skill level 16 in Earth Magic
  8203 | D:11     | Noticed a yaktaur captain
  8205 | D:11     | Killed a yaktaur captain
  8285 | D:11     | Noticed a frost giant
  8290 | D:11     | Killed from afar by a frost giant

Vault maps used:
D:1:      roderic_octagonal_star
D:2:      first_bread
D:3:      trog_wizard, uniq_natasha
D:4:      led_sif_book, nicolae_dithmenos_shadow_blocks
D:5:      minmay_temple_entry_butterflies, serial_shops, shop, uniq_duvessa,
          uniq_blork_the_orc, uniq_ijyb
D:7:      makhleb_blood_cavern_becter
D:8:      lemuel_castle_with_subvaults, blue_anna_alchemist, uniq_joseph,
          uniq_gastronok
D:10:     david_lair_shrubbed, kennysheep_generic_room_11, uniq_snorg,
          uniq_grum, uniq_urug, uniq_psyche
D:11:     minmay_the_grid_triangle_9x9_rhombus_thin
D:12:     lemuel_ogre_cave
D:14:     lightli_vaults_fourway_checkpoint, hex_medium, serial_shops,
          kennysheep_mini, nicolae_tso_carved_into_rock
D:15:     grunt_enter_depths_hoard, serial_shops, nicolae_shop_statue_plus,
          trove_entry_hex_spiral, roderic_serpentine_path

Skill      XL: |  1  2  3  4  5  6  7  8  9 10 11 12 |
---------------+-------------------------------------+-----
Earth Magic    | 3 4 6 8 10 11 13 14 16 | 16.1
Fighting       | 1 2 |  2.8
Spellcasting   | 2 3 5 6 8 9 10 | 10.4
Dodging        | |  1.7
Stealth        | |  1.7
Transmutations | |  0.8

Action                   |  1- 3 |  4- 6 |  7- 9 | 10-12 || total
-------------------------+-------+-------+-------+-------++-------
Melee: Mace              |    45 |       |       |       ||    45
       Dagger            |    63 |    67 |    24 |       ||   154
       Unarmed           |       |    24 |       |       ||    24
       Morningstar       |       |    12 |    36 |    85 ||   133
       Long sword        |       |       |     8 |       ||     8
       Headbutt          |       |       |     6 |    14 ||    20
 Cast: Sandblast         |    22 |    46 |    31 |   112 ||   211
       Lee's Rapid Decon |       |       |    19 |   130 ||   149
Evoke: Wand              |       |       |       |     2 ||     2
  Use: Potion            |       |     2 |       |     2 ||     4
       Scroll            |       |       |     8 |    15 ||    23
 Stab: Sleeping          |     1 |       |     1 |       ||     2
       Distracted        |       |     1 |       |     1 ||     2
  Eat: Chunk             |     2 |     5 |    13 |    31 ||    51
       Fruit             |       |       |     4 |     1 ||     5
       Royal jelly       |       |       |       |     2 ||     2
Armor: Robe              |    11 |     1 |       |       ||    12
       Ring mail         |       |    20 |    41 |     4 ||    65
       Scale mail        |       |       |       |    14 ||    14
       Troll leather arm |       |       |       |    19 ||    19
Dodge: Dodged            |    75 |    58 |    54 |    64 ||   251
       Rpst.: Long sword |       |       |     2 |       ||     2
